 Dungeon Crawl Stone Soup version 0.31-a0-151-ge443d1f16c (webtiles) character file.

Game seed: 14760089672624050183

84 qw the Shooter (level 4, -4/28 HPs)
             Began as a Gargoyle Hunter on June 8, 2023.
             Slain by Edmund
             ... wielding a +1 flail of venom
              (6 damage)
             ... on level 4 of the Dungeon.
             The game lasted 00:00:43 (1618 turns).

qw the Shooter (Gargoyle Hunter)                    Turns: 1618, Time: 00:00:43

Health: -4/28      AC: 11    Str: 14    XL:     4   Next: 46%
Magic:  4/4        EV: 10    Int: 10    God:
Gold:   146        SH:  0    Dex: 15    Spells: 3/3 levels left

rFire   . . .        Y - +1 shortbow (freeze)
rCold   . . .        (shield currently unavailable)
rNeg    + . .        h - +0 ring mail
rPois   inf          (no helmet)
rElec   +            (no cloak)
rCorr   .            (no gloves)
SInv    .            i - +2 pair of boots
Will    .....        (no amulet)
Stlth   +            (no ring)
HPRegen 0.24/turn    (no ring)
MPRegen 0.09/turn

%: no passive effects
@: about to teleport
A: sickness immunity, AC +3, negative energy resistance 1, electricity
resistance, torment resistance 1, petrification resistance
a: no special abilities


You were on level 4 of the Dungeon.
You visited 1 branch of the dungeon, and saw 4 of its levels.

You collected 146 gold pieces.


Innate Abilities, Weirdness & Mutations

You are immune to sickness and miasma.
Your stone body is resilient. (AC +3)
You are immune to poison.
You resist negative energy. (rN+)
You are resistant to electric shocks. (rElec)
You are resistant to unholy torment.
You are immune to petrification.


   Skills:
 - Level 3.0 Fighting
 + Level 5.3 Ranged Weapons
 - Level 1.0 Armour
 - Level 1.5 Dodging
 - Level 1.1 Stealth


You had 3 spell levels left.
You didn't know any spells.
Your spell library was empty.

Inventory:

Hand Weapons
 Y - a +1 shortbow of freezing (weapon)
Armour
 h - a +0 ring mail (worn)
 i - a +2 pair of boots (worn)
Scrolls
 c - 2 scrolls of teleportation
 f - a scroll of identify
Potions
 b - a potion of might {unknown}
 e - a potion of curing
 g - a potion of attraction {unknown}
 j - a potion of heal wounds {unknown}
 k - a potion of haste {unknown}

Dungeon Overview and Level Annotations

Branches:
Dungeon (4/15)
 Temple: D:4-7

Altars:
Fedhas
Qazlal
Ru
Vehumet

Annotations:
D:4 Edmund


Message History

You see here a +0 robe.
An iguana comes into view.
You shoot an arrow.
The arrow hits the iguana but does no damage.
You shoot an arrow.
The arrow hits the iguana but does no damage.
You shoot an arrow.
The arrow hits the iguana but does no damage.
Edmund the Younger comes into view.
He is wielding a +1 flail of venom.
Edmund shouts!
You see here an orange potion.
You shoot an arrow. The arrow closely misses the iguana.
You shoot an arrow.
The arrow hits the iguana but does no damage.
The iguana closely misses you. x2
You shoot an arrow. The arrow closely misses Edmund.
Edmund hits you with a +1 flail of venom!
The iguana bites you but does no damage.
You shoot an arrow. The arrow closely misses Edmund.
The iguana barely misses you. Edmund hits you but does no damage.
You shoot an arrow.
The arrow hits Edmund but does no damage.
The iguana bites you!
Edmund hits you with a +1 flail of venom.
1616 ||| READING 3 scrolls of teleportation.
As you read the scroll of teleportation, it crumbles to dust.
You feel strangely unstable. The iguana closely misses you.
Edmund says, "What use are spells, anyway?"
Edmund hits you with a +1 flail of venom.
You shoot an arrow. The arrow hits Edmund.
The arrow freezes Edmund.
Edmund is lightly wounded.
The iguana misses you. Edmund closely misses you.
Edmund hits you with a +1 flail of venom.
The iguana bites you.
You shoot an arrow. The arrow hits Edmund.
The arrow freezes Edmund.
Edmund is moderately wounded.
The iguana bites you but does no damage.
Edmund hits you with a +1 flail of venom.
You die...

#### # #.. #.
#.#######
###.###.#......
#....@@l.......
.....#.#.#.##..
##. #..[..#
###.#### #<...#
#........
#....#.#.
.....# ..
..####


You could see Edmund and an iguana.

Vanquished Creatures
  2 adders
  3 dart slugs
  4 orcs (D:3)
  A bat (D:3)
  8 endoplasms
  2 giant cockroaches
  5 goblins
  5 hobgoblins
  4 jackals (D:3)
  6 ball pythons
  2 frilled lizards (D:2)
  6 kobolds
  A rat (D:1)
49 creatures vanquished.

Notes
Turn   | Place    | Note
-------+----------+-------------------------------------------
     0 | D:1      | qw the Gargoyle Hunter began the quest for the Orb.
     0 | D:1      | Reached XP level 1. HP: 12/12 MP: 1/1
     0 | D:1      | 0 ||| qw: Version: 0.2-a-120-gdf1a93b
     0 | D:1      | 0 ||| qw: Game counter: 3054
     0 | D:1      | 0 ||| qw: Always use a shield: true
     0 | D:1      | 0 ||| qw: God list: Okawaru
     0 | D:1      | 0 ||| qw: Allow faded altars: false
     0 | D:1      | 0 ||| qw: Do Orc after D:15 true
     0 | D:1      | 0 ||| qw: Do second Lair branch before Depths: true
     0 | D:1      | 0 ||| qw: Lair rune preference: random
     0 | D:1      | 0 ||| qw: Plans: Normal
     0 | D:1      | 0 ||| PLANNING D:1-11
   102 | D:1      | Reached XP level 2. HP: 17/17 MP: 2/2
   637 | D:1      | 637 ||| UPGRADING to +0 ring mail.
   647 | D:1      | 647 ||| DROPPING +0 leather armour.
   648 | D:1      | 648 ||| UPGRADING to +0 pair of boots.
   653 | D:1      | 653 ||| READING 2 scrolls labelled WUSONI CIEZAG.
   654 | D:1      | 654 ||| READING scroll labelled PUISTU GOT.
   657 | D:1      | 657 ||| READING scroll labelled AXUORI BEGU.
   658 | D:1      | 658 ||| READING scroll labelled TUEKKO WECAT.
   659 | D:1      | 659 ||| DROPPING scroll of fear.
   660 | D:1      | 660 ||| DROPPING scroll of butterflies.
   678 | D:2      | 678 ||| STAIRDANCE
   731 | D:2      | Reached XP level 3. HP: 21/21 MP: 3/3
   739 | D:2      | Reached skill level 1 in Armour
   842 | D:2      | Reached skill level 5 in Ranged Weapons
  1147 | D:2      | 1147 ||| READING 3 scrolls labelled FUDYXK LAJAO.
  1148 | D:2      | 1148 ||| READING 2 scrolls of enchant armour.
  1148 | D:2      | 1148 ||| ENCHANTING +0 pair of boots.
  1149 | D:2      | 1149 ||| READING scroll of enchant armour.
  1149 | D:2      | 1149 ||| ENCHANTING +1 pair of boots.
  1150 | D:2      | 1150 ||| READING scroll labelled IREYSY IRPHOU.
  1151 | D:2      | 1151 ||| READING scroll labelled PEG JUMPIL.
  1152 | D:2      | 1152 ||| READING scroll labelled JEDAX YMNUTINK.
  1153 | D:2      | 1153 ||| READING 2 scrolls of identify.
  1153 | D:2      | 1153 ||| IDENTIFYING smoky blue potion
  1154 | D:2      | 1154 ||| DROPPING potion of brilliance.
  1244 | D:3      | Reached skill level 3 in Fighting
  1244 | D:3      | Reached XP level 4. HP: 19/28 MP: 4/4
  1292 | D:3      | Found a faded altar of an unknown god.
  1364 | D:3      | Found a stormy altar of Qazlal.
  1364 | D:3      | Found a blossoming altar of Fedhas.
  1368 | D:3      | Found a radiant altar of Vehumet.
  1469 | D:3      | Found a sacrificial altar of Ru.
  1580 | D:3      | 1580 ||| READING scroll labelled RECWOPL LAUN.
  1581 | D:3      | 1581 ||| READING scroll labelled RIBROQ PIPPOLU.
  1582 | D:3      | 1582 ||| DRINKING 2 yellow potions.
  1610 | D:4      | Noticed Edmund
  1615 | D:4      | HP: 7/28 [Edmund/+1 flail of venom (2)]
  1616 | D:4      | 1616 ||| READING 3 scrolls of teleportation.
  1617 | D:4      | HP: 2/28 [iguana (3)]
  1618 | D:4      | Slain by Edmund

Levels and vault maps discovered:
D:1:      dpeg_arrival_court, layout_basic, hangedman_decor_growths
D:2:      layout_rooms
D:3:      layout_rooms, mainiacjoe_overflow_surrounded_room,
          chequers_temple_overflow_statue_of_worship, basic_ecumenical_altar
D:4:      layout_basic, mainiacjoe_overflow_chevrons, uniq_grinder, uniq_edmund

Skill      XL: |  1  2  3 |
---------------+----------+-----
Armour         | 1 |  1.0
Ranged Weapons | 5 |  5.3
Fighting       | 3 |  3.0
Dodging        | |  1.5
Stealth        | |  1.1

Action                     |  1- 3 |  4- 6 || total
---------------------------+-------+-------++-------
   Fire: Shortbow          |    93 |    41 ||   134
    Use: Scroll            |    11 |     3 ||    14
         Potion            |       |     1 ||     1
 Armour: Ring mail         |    19 |    10 ||    29
  Dodge: Dodged            |    17 |    21 ||    38

Table legend:
 A = Non-vault XP
 B = Vault XP
 C = Vault XP percentage of total XP
 D = Non-vault monster count
 E = Vault monster count
 F = Vault count percentage of total count
                 A         B        C        D         E       F
            +---------+---------+-------+---------+---------+-------
      Total |     121 |       0 |   0.0 |      49 |       0 |   0.0
            +---------+---------+-------+---------+---------+-------
        D:1 |      28 |       0 |   0.0 |      16 |       0 |   0.0
        D:2 |      43 |       0 |   0.0 |      16 |       0 |   0.0
        D:3 |      50 |       0 |   0.0 |      17 |       0 |   0.0
            +---------+---------+-------+---------+---------+-------
